MLB
SEATTLE MARINERS @ BOSTON RED SOX
10/02/2046
 
TOP OF THE 1ST
Seattle Mariners batting - Pitching for Boston Red Sox : RHP Justin Whitesack
Pitching: RHP Justin Whitesack
Batting: LHB Dae-ik Yoon 0-0: Swinging Strike
0-1: Ball
1-1: Ball
2-1: Foul Ball, location: 2F
2-2: Strikes out swinging
Batting: SHB Floyd-William Goof 0-0: Ball
1-0: Ground out 4-3 (Groundball, 4M, EV 81.9 MPH)
Batting: LHB Bi-jun Chien 0-0: Ball
1-0: Foul Ball, location: 2F
1-1: Swinging Strike
1-2: Foul Ball, location: 2F
1-2: Ball
2-2: Strikes out looking
Top of the 1st over - 0 runs, 0 hits, 0 errors, 0 left on base; Seattle 0 - Boston 0
BOTTOM OF THE 1ST
Boston Red Sox batting - Pitching for Seattle Mariners : LHP Larry Tuckfard
Pitching: LHP Larry Tuckfard
Batting: RHB Alois Wollf 0-0: Swinging Strike
0-1: Swinging Strike
0-2: Ball
1-2: Strikes out looking
Batting: SHB Robbie Rogers 0-0: SINGLE (Groundball, 34D, EV 107.5 MPH)
Batting: RHB Cesar Breceda 0-0: Foul Ball, location: 2F
0-1: Ball
1-1: Foul Ball, location: 2F
1-2: Grounds into double play, 5-4-3 (Groundball, 5, EV 81.9 MPH)
Bottom of the 1st over - 0 runs, 1 hit, 0 errors, 0 left on base; Seattle 0 - Boston 0
TOP OF THE 2ND
Seattle Mariners batting - Pitching for Boston Red Sox : RHP Justin Whitesack
Batting: RHB Bobby Larson 0-0: Ball
1-0: Ball
2-0: Swinging Strike
2-1: Fly out, F9 (Flyball, 9S, EV 94.4 MPH)
Batting: RHB Jose Vasquez 0-0: Called Strike
0-1: Foul Ball, location: 2F
0-2: Strikes out swinging
Batting: RHB Tony Vargas 0-0: Foul Ball, location: 2F
0-1: Foul Ball, location: 2F
0-2: Ball
1-2: Foul Ball, location: 2F
1-2: Ball
2-2: Fly out, F8 (Line Drive, 8LD, EV 93.8 MPH)
Top of the 2nd over - 0 runs, 0 hits, 0 errors, 0 left on base; Seattle 0 - Boston 0
BOTTOM OF THE 2ND
Boston Red Sox batting - Pitching for Seattle Mariners : LHP Larry Tuckfard
Batting: SHB Marvin Lawrence 0-0: Called Strike
0-1: Ball
1-1: Foul Ball, location: 2F
1-2: Ball
2-2: Ball
3-2: Foul Ball, location: 2F
3-2: Strikes out swinging
Batting: LHB Kevin McCormic Jr. 0-0: Ball
1-0: SINGLE (Groundball, 56D, EV 100.6 MPH)
Batting: RHB Pedro Nin 0-0: Ball
1-0: Swinging Strike
1-1: Called Strike
1-2: Strikes out swinging
Batting: RHB Rocky Campbell 0-0: Called Strike
0-1: Ball
1-1: Ground out 6-3 (Groundball, 6MD, EV 84.4 MPH)
Bottom of the 2nd over - 0 runs, 1 hit, 0 errors, 1 left on base; Seattle 0 - Boston 0
TOP OF THE 3RD
Seattle Mariners batting - Pitching for Boston Red Sox : RHP Justin Whitesack
Batting: RHB Corey Ottinger 0-0: Swinging Strike
0-1: Foul Ball, location: 2F
0-2: Ball
1-2: Ball
2-2: Ball
3-2: Base on Balls
Batting: RHB Young-kwang Ohnn 0-0: Ball
1-0: SINGLE (Groundball, 56D, EV 103.8 MPH)
Corey Ottinger to second
Batting: RHB Malik Brookshire 0-0: Called Strike
0-1: Ball
1-1: Foul Ball, location: 2F
1-2: Grounds into double play, 4-6-3 (Groundball, 4, EV 83.8 MPH)
Corey Ottinger to third
Batting: LHB Dae-ik Yoon 0-0: Called Strike
0-1: Called Strike
0-2: Ball
1-2: Ball
2-2: Ball
3-2: Base on Balls
Batting: SHB Floyd-William Goof 0-0: Ball
1-0: 3-RUN HOME RUN (Flyball, 9LD, EV 95.6 MPH), Distance : 347 ft
Batting: LHB Bi-jun Chien 0-0: Called Strike
0-1: Swinging Strike
0-2: Fly out, F8 (Flyball, 78S, EV 88.1 MPH)
Top of the 3rd over - 3 runs, 2 hits, 0 errors, 0 left on base; Seattle 3 - Boston 0
BOTTOM OF THE 3RD
Boston Red Sox batting - Pitching for Seattle Mariners : LHP Larry Tuckfard
Batting: LHB Mike Mentzer 0-0: Fly out, F8 (Line Drive, 89M, EV 101.2 MPH)
Batting: RHB Scott Treider 0-0: Ball
1-0: Foul Ball, location: 2F
1-1: Called Strike
1-2: Ball
2-2: Ball
3-2: Fly out, F8 (Flyball, 8RD, EV 101.2 MPH)
Batting: RHB Alois Wollf 0-0: Ball
1-0: Foul Ball, location: 2F
1-1: Called Strike
1-2: Foul Ball, location: 2F
1-2: Strikes out looking
Bottom of the 3rd over - 0 runs, 0 hits, 0 errors, 0 left on base; Seattle 3 - Boston 0
TOP OF THE 4TH
Seattle Mariners batting - Pitching for Boston Red Sox : RHP Justin Whitesack
Batting: RHB Bobby Larson 0-0: Called Strike
0-1: DOUBLE (Line Drive, 9LD, EV 101.2 MPH)
Batting: RHB Jose Vasquez 0-0: Called Strike
0-1: Ball
1-1: Ground out 4-3 (Groundball, 4D, EV 103.8 MPH)
Bobby Larson to third
Batting: RHB Tony Vargas 0-0: Called Strike
0-1: Ball
1-1: Foul Ball, location: 2F
1-2: Ball
2-2: Ball
3-2: Foul Ball, location: 2F
3-2: Base on Balls
Batting: RHB Corey Ottinger 0-0: Ball
1-0: Ball
2-0: Fly out, F8 (Flyball, 78S, EV 90.6 MPH)
Batting: RHB Young-kwang Ohnn 0-0: Ball
1-0: Ball
2-0: Ball
3-0: DOUBLE (Line Drive, 3D, EV 101.9 MPH)
Bobby Larson scores
Tony Vargas to third
Batting: RHB Malik Brookshire 0-0: Ball
1-0: Called Strike
1-1: Ball
2-1: Ball
3-1: DOUBLE (Line Drive, 7LS, EV 97.5 MPH)
Tony Vargas scores
Young-kwang Ohnn scores
Pitching: RHP Justin Stinson
Batting: LHB Dae-ik Yoon 0-0: Ball
1-0: Called Strike
1-1: Ball
2-1: Called Strike
2-2: SINGLE (Line Drive, 3D, EV 96.9 MPH)
Malik Brookshire to third
Runner from 3rd tries for Home, SAFE, throw by RF to home
Batting: SHB Floyd-William Goof 0-0: Ball
1-0: Ball
2-0: Called Strike
2-1: Foul Ball, location: 2F
2-2: Strikes out swinging
Top of the 4th over - 4 runs, 4 hits, 0 errors, 1 left on base; Seattle 7 - Boston 0
BOTTOM OF THE 4TH
Boston Red Sox batting - Pitching for Seattle Mariners : LHP Larry Tuckfard
Batting: SHB Robbie Rogers 0-0: Swinging Strike
0-1: Fly out, F9 (Flyball, 89M, EV 86.2 MPH)
Batting: RHB Cesar Breceda 0-0: Swinging Strike
0-1: Fly out, F7 (Flyball, 7S, EV 91.9 MPH)
Batting: SHB Marvin Lawrence 0-0: Foul Ball, location: 2F
0-1: Ball
1-1: Ball
2-1: Ball
3-1: Swinging Strike
3-2: Strikes out swinging
Bottom of the 4th over - 0 runs, 0 hits, 0 errors, 0 left on base; Seattle 7 - Boston 0
TOP OF THE 5TH
Seattle Mariners batting - Pitching for Boston Red Sox : RHP Justin Stinson
Batting: LHB Bi-jun Chien 0-0: Swinging Strike
0-1: Called Strike
0-2: Ball
1-2: Strikes out looking
Batting: RHB Bobby Larson 0-0: Foul Ball, location: 2F
0-1: Ball
1-1: Ball
2-1: Ground out 5-3 (Groundball, 56, EV 84.4 MPH)
Batting: RHB Jose Vasquez 0-0: Foul Ball, location: 2F
0-1: Ground out 6-3 (Groundball, 56, EV 92.5 MPH)
Top of the 5th over - 0 runs, 0 hits, 0 errors, 0 left on base; Seattle 7 - Boston 0
BOTTOM OF THE 5TH
Boston Red Sox batting - Pitching for Seattle Mariners : LHP Larry Tuckfard
Batting: LHB Kevin McCormic Jr. 0-0: Called Strike
0-1: Ball
1-1: Called Strike
1-2: Fly out, F6 (Flyball, 6MD, EV 88.8 MPH)
Batting: RHB Pedro Nin 0-0: SOLO HOME RUN (Flyball, 7LD, EV 95.0 MPH), Distance : 362 ft
Batting: RHB Rocky Campbell 0-0: Foul Ball, location: 2F
0-1: Called Strike
0-2: Strikes out swinging
Batting: LHB Mike Mentzer 0-0: Ball
1-0: Ball
2-0: Fly out, F5 (Line Drive, 56, EV 76.2 MPH)
Bottom of the 5th over - 1 run, 1 hit, 0 errors, 0 left on base; Seattle 7 - Boston 1
TOP OF THE 6TH
Seattle Mariners batting - Pitching for Boston Red Sox : RHP Justin Stinson
Batting: RHB Tony Vargas 0-0: Ground out 6-3 (Groundball, 6M, EV 86.2 MPH)
Batting: RHB Corey Ottinger 0-0: Foul Ball, location: 2F
0-1: Ball
1-1: Foul Ball, location: 2F
1-2: Ground out 6-3 (Groundball, 56, EV 83.8 MPH)
Batting: RHB Young-kwang Ohnn 0-0: Ball
1-0: Called Strike
1-1: Ball
2-1: Ball
3-1: Base on Balls
Batting: RHB Malik Brookshire 0-0: Called Strike
0-1: DOUBLE (Line Drive, 9LM, EV 94.4 MPH)
Young-kwang Ohnn to third
Pitching: LHP Ragnar Danielsson
Batting: LHB Dae-ik Yoon 0-0: Ball
1-0: Called Strike
1-1: Ball
2-1: Swinging Strike
2-2: Foul Ball, location: 2F
2-2: SINGLE (Groundball, 56, EV 98.8 MPH)
Young-kwang Ohnn scores
Malik Brookshire to third
Runner from 3rd tries for Home, SAFE, throw by LF to home
Batting: SHB Floyd-William Goof 0-0: Swinging Strike
0-1: Foul Ball, location: 2F
0-2: Ball
1-2: Ball
2-2: Strikes out swinging
Top of the 6th over - 2 runs, 2 hits, 0 errors, 1 left on base; Seattle 9 - Boston 1
BOTTOM OF THE 6TH
Boston Red Sox batting - Pitching for Seattle Mariners : LHP Larry Tuckfard
Batting: RHB Scott Treider 0-0: Foul Ball, location: 2F
0-1: Ball
1-1: Ball
2-1: Ball
3-1: Ground out 6-3 (Groundball, 6, EV 83.1 MPH)
Batting: RHB Alois Wollf 0-0: Called Strike
0-1: Ball
1-1: DOUBLE (Line Drive, 7LS, EV 111.9 MPH)
Batting: SHB Robbie Rogers 0-0: Ball
1-0: Called Strike
1-1: Foul Ball, location: 2F
1-2: Fly out, F8 (Flyball, 8LD, EV 105.6 MPH)
Runner from 2nd tags up, SAFE at 3rd with throw by CF
Batting: RHB Cesar Breceda 0-0: Called Strike
0-1: Called Strike
0-2: Foul Ball, location: 2F
0-2: Ball
1-2: Ground out 4-3 (Groundball, 4MS, EV 85.6 MPH)
Bottom of the 6th over - 0 runs, 1 hit, 0 errors, 1 left on base; Seattle 9 - Boston 1
TOP OF THE 7TH
Seattle Mariners batting - Pitching for Boston Red Sox : LHP Ragnar Danielsson
Batting: LHB Bi-jun Chien 0-0: Ball
1-0: Ball
2-0: Foul Ball, location: 2F
2-1: Ball
3-1: Hit by Pitch
Batting: RHB Bobby Larson 0-0: Fly out, F6 (Flyball, 5D, EV 84.4 MPH)
Batting: RHB Jose Vasquez 0-0: Fly out, F7 (Line Drive, 78M, EV 90.6 MPH)
Batting: RHB Tony Vargas 0-0: Called Strike
0-1: Foul Ball, location: 2F
0-2: Strikes out swinging
Top of the 7th over - 0 runs, 0 hits, 0 errors, 1 left on base; Seattle 9 - Boston 1
BOTTOM OF THE 7TH
Boston Red Sox batting - Pitching for Seattle Mariners : LHP Larry Tuckfard
Batting: SHB Marvin Lawrence 0-0: Called Strike
0-1: Ball
1-1: Ball
2-1: Foul Ball, location: 2F
2-2: Strikes out looking
Batting: LHB Kevin McCormic Jr. 0-0: Fly out, F6 (Popup, 6, EV 60.6 MPH)
Batting: RHB Pedro Nin 0-0: Foul Ball, location: 2F
0-1: Ball
1-1: Ball
2-1: Ball
3-1: Swinging Strike
3-2: Foul Ball, location: 2F
3-2: Foul Ball, location: 2F
3-2: Strikes out swinging
Bottom of the 7th over - 0 runs, 0 hits, 0 errors, 0 left on base; Seattle 9 - Boston 1
TOP OF THE 8TH
Seattle Mariners batting - Pitching for Boston Red Sox : LHP Ragnar Danielsson
Batting: RHB Corey Ottinger 0-0: Ball
1-0: Ball
2-0: Ball
3-0: Called Strike
3-1: SINGLE (Flyball, 78S, EV 90.0 MPH)
Pitching: RHP J.J. Thompson
Batting: RHB Young-kwang Ohnn 0-0: Ball
1-0: Fly out, F9 (Flyball, 9, EV 91.9 MPH)
Batting: RHB Malik Brookshire 0-0: Ball
1-0: Swinging Strike
Pickoff Throw by Catcher to First - Error! E2
Corey Ottinger to second
1-1: Foul Ball, location: 2F
1-2: Hit by Pitch
Batting: LHB Dae-ik Yoon 0-0: Called Strike
0-1: Called Strike
0-2: Strikes out looking
Batting: SHB Floyd-William Goof 0-0: Called Strike
0-1: SINGLE (Groundball, 6MS, EV 68.1 MPH) (infield hit)
Corey Ottinger to third
Malik Brookshire to second
Batting: LHB Bi-jun Chien 0-0: Fly out, F5 (Popup, 25F, EV 78.8 MPH)
Top of the 8th over - 0 runs, 2 hits, 1 error, 3 left on base; Seattle 9 - Boston 1
BOTTOM OF THE 8TH
Boston Red Sox batting - Pitching for Seattle Mariners : LHP Larry Tuckfard
Batting: RHB Rocky Campbell 0-0: Foul Ball, location: 2F
0-1: DOUBLE (Line Drive, 7LM, EV 103.8 MPH)
Batting: LHB Mike Mentzer 0-0: Foul Ball, location: 2F
0-1: Ball
1-1: Ball
2-1: Foul Ball, location: 2F
2-2: Ball
3-2: Base on Balls
Batting: RHB Scott Treider 0-0: Ball
1-0: Ball
2-0: Ball
3-0: Called Strike
3-1: Called Strike
3-2: Strikes out looking
Pinch Hitting: RHB Won-jun Park 0-0: Called Strike
0-1: Ball
1-1: Swinging Strike
1-2: SINGLE (Line Drive, 78S, EV 103.8 MPH)
Rocky Campbell to third
Mike Mentzer to second
Runner from 3rd tries for Home, SAFE, throw by LF to home
Pitching: RHP Nate Jackson
Batting: SHB Robbie Rogers 0-0: Ball
1-0: Ball
2-0: Ball
3-0: Called Strike
3-1: Grounds into double play, 6-4-3 (Groundball, 6, EV 90.6 MPH)
Bottom of the 8th over - 1 run, 2 hits, 0 errors, 1 left on base; Seattle 9 - Boston 2
TOP OF THE 9TH
Seattle Mariners batting - Pitching for Boston Red Sox : RHP J.J. Thompson
Now at SS: Won-jun Park
Batting: RHB Bobby Larson 0-0: Ball
1-0: Ball
2-0: Swinging Strike
2-1: Called Strike
2-2: Strikes out swinging
Batting: RHB Jose Vasquez 0-0: Ball
1-0: Foul Ball, location: 2F
1-1: Foul Ball, location: 2F
1-2: Ball
2-2: Ball
3-2: Base on Balls
Batting: RHB Tony Vargas 0-0: Ball
1-0: Called Strike
1-1: Ball
2-1: Foul Ball, location: 2F
2-2: Ball
3-2: Foul Ball, location: 2F
3-2: Grounds into double play, 5-4-3 (Groundball, 5, EV 83.8 MPH)
Top of the 9th over - 0 runs, 0 hits, 0 errors, 0 left on base; Seattle 9 - Boston 2
BOTTOM OF THE 9TH
Boston Red Sox batting - Pitching for Seattle Mariners : RHP Nate Jackson
Batting: RHB Cesar Breceda 0-0: Ball
1-0: DOUBLE (Line Drive, 7LM, EV 101.9 MPH)
Batting: SHB Marvin Lawrence 0-0: Ground out 4-3 (Groundball, 34, EV 83.8 MPH)
Cesar Breceda to third
Batting: LHB Kevin McCormic Jr. 0-0: Swinging Strike
0-1: Ball
1-1: 2-RUN HOME RUN (Flyball, 9D, EV 110.6 MPH), Distance : 419 ft
Batting: RHB Pedro Nin 0-0: Ball
1-0: Foul Ball, location: 2F
1-1: Ball
2-1: DOUBLE (Line Drive, 9LS, EV 101.9 MPH)
Batting: RHB Rocky Campbell 0-0: Fly out, F9 (Flyball, 89M, EV 90.0 MPH)
Batting: LHB Mike Mentzer 0-0: Ground out 4-3 (Groundball, 34, EV 86.9 MPH)
Bottom of the 9th over - 2 runs, 3 hits, 0 errors, 1 left on base; Seattle 9 - Boston 4
Tuesday, September 13th , 2022 - OOTP Baseball 23.7 Build 88